 Dungeon Crawl Stone Soup version 0.29.1-15-g9cfb28693d (webtiles) character file.

Game seed: 2886626379785993195

105766 Gabide the Crack Shot (level 15, -2/86 (95) HPs)
             Began as a Deep Elf Hunter on Apr 8, 2023.
             Was a High Priest of Ru.
             Slain by a seven-headed hydra (9 damage)
             ... on level 1 of the Swamp.
             The game lasted 01:00:52 (33203 turns).

Gabide the Crack Shot (Deep Elf Hunter)            Turns: 33203, Time: 01:00:53

HP:   -2/86 (95)    AC: 13    Str:  6    XL:     15   Next: 95%
MP:   17/17         EV: 28    Int: 19    God:    Ru [*****.]
Gold: 212           SH:  0    Dex: 24    Spells: 14/14 levels left

rFire   . . .      SeeInvis +   a - +2 arbalest
rCold   . . .      Faith    .   (shield currently unavailable)
rNeg    . . .      Spirit   .   w - +3 leather armour {Will+}
rPois   .          Reflect  .   k - +1 helmet
rElec   +          Harm     .   r - +2 cloak
rCorr   .          Rampage  .   s - +0 pair of gloves
Will    ++...                   C - +0 pair of boots
Stlth   ++........              p - amulet "Gipiluag" {RegenMP rElec Str-2 Int+3 Slay+3}
HPRegen 0.24/turn               H - +4 ring of evasion
MPRegen 0.55/turn               E - ring of see invisible

@: studying Ranged Weapons, drained
A: inability to use devices, no earth magic, no hexes magic, no summoning magic,
unskilled 1
a: Renounce Religion, Draw Out Power, Power Leap, Apocalypse


You were on level 1 of the Swamp.
You worshipped Ru.
Ru was extremely pleased with you.
You visited 5 branches of the dungeon, and saw 25 of its levels.
You also visited: Sewer and Ice Cave.

You collected 1701 gold pieces.
You spent 1489 gold pieces at shops.

Inventory:

Hand Weapons
 a - a +2 arbalest (weapon)
 y - a +0 demon trident
 D - the +8 rapier of the Hills {freeze, rElec rC- Str+3 Int+3}
   (You found it on level 12 of the Dungeon)

   It freezes those it strikes, dealing additional cold damage.
   It can also slow down cold-blooded creatures.
   Str:       It affects your strength (+3).
   Int:       It affects your intelligence (+3).
   rC:        It makes you vulnerable to cold.
   rElec:     It insulates you from electricity.
Armour
 k - a +1 helmet (worn)
 r - a +2 cloak (worn)
 s - a +0 pair of gloves (worn)
 w - a +3 leather armour of willpower (worn)
 C - a +0 pair of boots (worn)
Jewellery
 b - a ring of ice
 g - an amulet of reflection
 h - a +6 ring of strength
 p - the amulet "Gipiluag" (around neck) {RegenMP rElec Str-2 Int+3 Slay+3}
   (You found it on level 11 of the Dungeon)

   [amulet of magic regeneration]

   It increases your rate of magic regeneration.
   Str:       It affects your strength (-2).
   Int:       It affects your intelligence (+3).
   Slay:      It affects your accuracy & damage with ranged weapons and melee
   (+3).
   rElec:     It insulates you from electricity.
 E - a ring of see invisible (right hand)
 H - a +4 ring of evasion (left hand)
 I - a ring of wizardry
Scrolls
 i - 4 scrolls of vulnerability
 q - a scroll of butterflies
 u - 11 scrolls of teleportation
 v - 3 scrolls of amnesia
 A - 2 scrolls of blinking
 F - 10 scrolls of identify
Potions
 c - 4 potions of attraction
 d - 2 potions of haste
 e - 5 potions of mutation
 f - 2 potions of berserk rage
 j - 2 potions of flight
 l - a potion of invisibility
 m - 2 potions of brilliance
 n - 6 potions of curing
 o - 5 potions of lignification
 t - 3 potions of heal wounds
 x - 4 potions of cancellation
 z - 3 potions of might
 G - 6 potions of ambrosia


   Skills:
 + Level 11.6 Fighting
 * Level 24.2 Ranged Weapons
 + Level 16.0 Dodging
 - Level 1.1 Stealth


You had 14 spell levels left.
You didn't know any spells.
Your spell library contained the following spells:

 Spells                   Type           Power      Damage    Failure   Level
 Necrotise                Necr           0%         1d4       32%         1
 Shock                    Conj/Air       0%         1d3       32%         1
 Blink                    Tloc           0%         N/A       43%         2
 Ozocubu's Armour         Ice            0%         N/A       67%         3
 Swiftness                Air            0%         N/A       67%         3
 Vampiric Draining        Necr           0%         2d6       67%         3
 Airstrike                Air            0%         2d(0-16)  97%         4
 Corpse Rot               Necr/Pois/Air  0%         N/A       97%         4
 Dispel Undead            Necr           0%         3d6       97%         4
 Hailstorm                Conj/Ice       0%         3d3       97%         4
 Ice Form                 Ice/Tmut       0%         N/A       97%         4
 Iskenderun's Mystic Bla  Conj/Tloc      0%         2d3       97%         4
 Agony                    Necr           0%         N/A       100%        5
 Blade Hands              Tmut           0%         N/A       100%        5
 Irradiate                Conj/Tmut      0%         3d11      100%        5
 Iskenderun's Battlesphe  Conj           0%         2d6       100%        5
 Manifold Assault         Tloc           0%         N/A       100%        5
 Death Channel            Necr           0%         N/A       100%        6
 Dispersal                Tloc           0%         N/A       100%        6
 Simulacrum               Ice/Necr       0%         N/A       100%        6
 Dragon Form              Tmut           0%         N/A       100%        7
 Ozocubu's Refrigeration  Ice            0%         4d7       100%        7
 Storm Form               Tmut/Air       0%         N/A       100%        7
 Borgnjor's Revivificati  Necr           0%         N/A       100%        8
 Disjunction              Tloc           0%         N/A       100%        8
 Necromutation            Tmut/Necr      0%         N/A       100%        8
 Death's Door             Necr           0%         N/A       100%        9
 Portal Projectile        Hex/Tloc       Unusable   N/A       N/A         3
 Tukima's Dance           Hex            Unusable   N/A       N/A         3
 Fulminant Prism          Conj/Hex       Unusable   3d6       N/A         4
 Lee's Rapid Deconstruct  Erth           Unusable   3d5*      N/A         5
 Iron Shot                Conj/Erth      Unusable   9d1       N/A         6
 Spellforged Servitor     Conj/Summ      Unusable   N/A       N/A         7

Dungeon Overview and Level Annotations

Branches:
Dungeon (15/15)            Temple (1/1) D:7            Lair (5/5) D:9
  Swamp (2/4) Lair:2       Spider (0/4) Lair:3        Slime (0/5) Lair:5
    Orc (2/2) D:9          Vaults (0/5) D:14         Depths (0/4) D:15
  Sewer (visited)           IceCv (visited)
    Elf: Orc:2

Altars:
Ashenzari
Cheibriados
Dithmenos
Elyvilon
Fedhas
Gozag
Hepliaklqana
Kikubaaqudgha
Makhleb
Nemelex Xobeh
Okawaru
Qazlal
Ru
Sif Muna
Trog
Uskayaw
Vehumet
Wu Jian
Xom
Yredelemnul
Zin
The Shining One
Lugonu

Shops:
D:2 (   D:8 !   D:11 [   D:14 [:   Orc:2 ::[?*

Portals:
Trove: D:13 (give 14 scrolls of teleportation)

Annotations:
D:14 Roxanne


Innate Abilities, Weirdness & Mutations

You cannot study or use magical devices.
You cannot study or cast Earth magic.
You cannot study or cast Hexes magic.
You cannot study or cast Summoning magic.
You are somewhat unskilled. (-1 Apt)


Message History

The seven-headed hydra misses you.
The seven-headed hydra bites you but does no damage.
The seven-headed hydra completely misses you.
The seven-headed hydra bites you but does no damage.
The seven-headed hydra misses you.
The seven-headed hydra barely misses you. x2
You shoot a bolt. The bolt hits the seven-headed hydra!!!
The seven-headed hydra is almost dead.
You hear a chilling moan.
The seven-headed hydra misses you. The seven-headed hydra bites you!
The seven-headed hydra barely misses you.
The seven-headed hydra bites you!
The seven-headed hydra barely misses you.
The seven-headed hydra misses you.
The seven-headed hydra bites you but does no damage.
A will-o-the-wisp comes into view.
The seven-headed hydra completely misses you.
The seven-headed hydra bites you!
* * * LOW HITPOINT WARNING * * *
The seven-headed hydra completely misses you.
The seven-headed hydra bites you.
* * * LOW HITPOINT WARNING * * *
The seven-headed hydra bites you but does no damage. x2
The seven-headed hydra completely misses you.
You climb upwards.
There is a stone staircase leading down here.
Fire: a) +2 arbalest
Press: ? - help, Q - select action, (/) - cycle Shift-Dir - straight line, f - seven-headed hydra
Aim: a seven-headed hydra (almost dead, 87% to hit)
You shoot a bolt.
The bolt barely misses the seven-headed hydra.
The seven-headed hydra bites you.
* * * LOW HITPOINT WARNING * * *
The seven-headed hydra bites you.
* * * LOW HITPOINT WARNING * * *
The seven-headed hydra bites you!
* * * LOW HITPOINT WARNING * * *
The seven-headed hydra completely misses you. x2
The seven-headed hydra bites you!
You die...

.♣ ♣♣~♣~~~~~~.~.♣ ♣♣. ~♣
♣.~...~~§..~~♣ ♣.. .♣
♣♣~.♣~~..♣.♣.♣♣♣~~ .♣
♣.~~~.♣♣♣♣...♣♣~. ~♣♣
♣♣~<~.♣♣ ♣.♣♣.♣~~ ~.♣
♣.~.~.♣ ♣...♣♣~~ ♣.♣
♣♣~.♣.♣♣ ♣~~.♣♣.~ ♣.♣
♣♣.~~.[♣♣ ♣♣...♣.~ ♣~♣♣
♣♣@..~~~~♣ ♣...♣.. ...♣
♣D~~~.~.♣♣ ♣...♣.~ ♣..♣♣
♣♣.~~~~.~.♣ ♣~..♣.~
♣...♣♣ ♣♣.~...~.~♣♣
♣~~~♣.~ .§.~~♣
♣♣..~.~~~♣~.♣ ♣♣..♣..
~.~~.♣♣♣♣♣♣♣~~~♣~~~~~~.♣
♣~~♣~~
~♣♣...♣♣.♣♣..~~~~~~§...♣
♣~.♣..
.♣♣♣...~§.....~....>.~.♣
♣..♣.. ♣♣
♣♣.~...§~.~♣~♣♣.~~~.♣♣
♣.....


You could see a seven-headed hydra.

Vanquished Creatures
  Frances (D:14)
  An orc warlord (D:9)
  Aizul (Swamp:1)
  2 eleionomae (Swamp:1)
  Snorg (Lair:4)
  A fire dragon (Lair:5)
  A quicksilver dragon skeleton (D:15)
  4 boulder beetles
  4 vault guards (D:14)
  An ogre mage (Orc:2)
  17 hydras
  Erica (D:10)
  A catoblepas (D:15)
  5 two-headed ogres
  2 centaur warriors
  A vampire mage (D:15)
  12 death yaks
  Urug (D:13)
  Nergalle (Orc:2)
  2 skeletal warriors (D:15)
  2 goliath frogs (Swamp:1)
  A deep troll (Lair:2)
  5 bog bodies
  Pikel (D:6)
  A lindwurm (Lair:5)
  A harpy (shapeshifter) (D:15)
  2 sphinx zombies (D:15)
  2 necromancers
  An orc knight (Orc:1)
  11 orc sorcerers
  2 manticores
  A frost giant zombie (D:15)
  5 ugly things (D:14)
  3 will-o-the-wisps (Swamp:1)
  3 cyclopes
  Maurice (D:13)
  6 black mambas
  2 gargoyles
  3 elephants (Lair:4)
  4 molten gargoyles
  2 torpor snails
  2 ice statues (IceCv)
  7 cane toads
  A rime drake (Lair:2)
  A kobold demonologist (D:10)
  17 komodo dragons
  An unseen horror (D:11)
  A tengu conjurer (D:15)
  A freezing wraith (IceCv)
  3 ice devils (IceCv)
  Maggie (D:8)
  4 anaconda simulacra (IceCv)
  8 meliai
  5 polar bears
  A tyrant leech (Swamp:1)
  A queen bee (D:13)
  3 trolls
  11 slime creatures
  5 dream sheep (Lair:4)
  14 blink frogs
  Sigmund (D:4)
  A centaur simulacrum (D:15)
  2 dire elephant simulacra (IceCv)
  46 yaks
  Eustachio (D:6)
  11 wyverns
  2 vampires
  9 vampire mosquitoes
  5 wraiths
  8 basilisks
  2 steam dragons
  A harpy simulacrum (IceCv)
  7 swamp worms
  Edmund (D:4)
  2 wargs
  2 acid dragons
  12 water moccasins
  3 hydra simulacra (IceCv)
  2 swamp drakes (Swamp:1)
  5 hell hounds (Lair:5)
  A sky beast (D:7)
  13 orc warriors
  3 ice beasts
  Pargi (Sewer)
  2 black bears
  A boggart (D:14)
  13 wolves
  7 ogres
  6 centaurs
  2 phantoms
  4 lemures (D:6)
  3 kobold brigands
  15 bullfrogs
  3 gnoll sergeants
  2 scorpions
  A two-headed ogre simulacrum (IceCv)
  29 killer bees
  2 vampire bats (Lair:5)
  An electric eel (Lair:2)
  3 howler monkeys
  9 lava snakes
  2 hounds (D:6)
  3 iron imps (D:13)
  12 orc priests
  Crazy Yiuf (D:3)
  4 iguanas
  Jessica (D:3)
  4 jellies
  35 orc wizards
  A polar bear simulacrum (IceCv)
  A spriggan simulacrum (IceCv)
  A boggart simulacrum (D:15)
  Robin (D:3)
  10 adders
  12 gnolls
  2 white imps (IceCv)
  3 ufetubi
  2 worms
  5 dart slugs
  102 orcs
  11 bats
  6 endoplasms
  4 giant cockroaches
  19 goblins
  10 hobgoblins
  A jackal (D:11)
  3 quokkas
  9 ball pythons
  6 frilled lizards
  16 kobolds
  3 rats
740 creatures vanquished.

Vanquished Creatures (collateral kills)
  A cyclops (D:12)
  2 elephants (Lair:4)
  An orc priest (D:12)
  An orc wizard (D:12)
5 creatures vanquished.

Vanquished Creatures (others)
  A boulder beetle (D:14)
  A meliai (D:13)
  An ogre (D:9)
  A centaur (D:15)
  An orc (Orc:2)
  10 foxfires
  55 fungi
  59 plants
129 creatures vanquished.

Grand Total: 874 creatures vanquished

Notes
Turn   | Place    | Note
-------+----------+-------------------------------------------
     0 | D:1      | Gabide the Deep Elf Hunter began the quest for the Orb.
     0 | D:1      | Reached XP level 1. HP: 12/12 MP: 3/3
   179 | D:1      | Reached XP level 2. HP: 17/17 MP: 4/4
   490 | D:1      | Found a faded altar of an unknown god.
   531 | D:1      | Reached skill level 6 in Ranged Weapons
   594 | D:1      | Reached XP level 3. HP: 14/21 MP: 5/5
   914 | D:2      | Reached XP level 4. HP: 26/26 MP: 6/6
  1000 | D:2      | Found Bos Zoshuo's Antique Weapon Boutique.
  1626 | D:3      | Noticed Robin
  1660 | D:3      | HP: 1/27 [Robin/bolt of light (15)]
  2041 | D:3      | Reached skill level 7 in Ranged Weapons
  2177 | D:3      | Reached XP level 5. HP: 31/31 MP: 7/7
  2185 | D:3      | Killed Robin
  2432 | D:3      | Noticed Jessica
  2435 | D:3      | Killed Jessica
  2487 | D:3      | Found a runed translucent door.
  2488 | D:3      | Noticed Crazy Yiuf
  2599 | D:3      | Killed Crazy Yiuf
  2864 | D:4      | Reached XP level 6. HP: 37/37 MP: 8/8
  2882 | D:4      | Reached skill level 8 in Ranged Weapons
  2899 | D:4      | Found a glowing drain.
  2904 | Sewer    | Entered a sewer
  2991 | Sewer    | Noticed Pargi
  3001 | Sewer    | Killed Pargi
  3187 | D:4      | Reached XP level 7. HP: 34/41 MP: 9/9
  3456 | D:4      | Reached skill level 5 in Dodging
  3516 | D:4      | Noticed Edmund
  3563 | D:4      | Killed Edmund
  3564 | D:4      | Reached skill level 9 in Ranged Weapons
  3578 | D:4      | Noticed Sigmund
  3585 | D:4      | Killed Sigmund
  3658 | D:5      | Entered Level 5 of the Dungeon
  3722 | D:5      | Reached skill level 10 in Ranged Weapons
  3738 | D:5      | Found a snail-covered altar of Cheibriados.
  3744 | D:5      | Found a shadowy altar of Dithmenos.
  3966 | D:5      | Reached XP level 8. HP: 48/48 MP: 10/10
  4060 | D:5      | Found a basalt altar of Yredelemnul.
  4519 | D:5      | Reached skill level 11 in Ranged Weapons
  4701 | D:6      | Noticed Eustachio
  4714 | D:6      | Killed Eustachio
  4715 | D:6      | Reached skill level 5 in Fighting
  4718 | D:6      | Reached skill level 12 in Ranged Weapons
  4721 | D:6      | Reached XP level 9. HP: 50/54 MP: 11/11
  4825 | D:6      | Found a glowing golden altar of the Shining One.
  4827 | D:6      | Found a broken altar of Ashenzari.
  5050 | D:7      | Found a staircase to the Ecumenical Temple.
  5057 | Temple   | Entered the Ecumenical Temple
  5067 | Temple   | Became a worshipper of Ru the Awakened
  5377 | D:7      | Noticed Pikel
  5553 | D:6      | Killed Pikel
  5554 | D:6      | Reached skill level 13 in Ranged Weapons
  6712 | D:8      | Found Egusewuo's Distillery.
  6716 | D:8      | Bought a potion of heal wounds for 65 gold pieces
  6716 | D:8      | Bought a potion of flight for 39 gold pieces
  6716 | D:8      | Bought a potion of heal wounds for 65 gold pieces
  6895 | D:8      | Noticed Maggie
  6901 | D:8      | Killed Maggie
  6929 | D:8      | Reached skill level 14 in Ranged Weapons
  7065 | D:8      | Reached XP level 10. HP: 60/60 MP: 12/12
  7416 | D:8      | Reached skill level 15 in Ranged Weapons
  8111 | D:9      | Found an ancient bone altar of Kikubaaqudgha.
  8270 | D:9      | Reached skill level 10 in Dodging
  8405 | D:9      | Found a staircase to the Orcish Mines.
  8512 | D:9      | Found a bloodstained altar of Trog.
  8547 | D:9      | Noticed a two-headed ogre
  8552 | D:9      | Killed a two-headed ogre
  8715 | D:9      | Found a staircase to the Lair.
  8901 | D:9      | Reached skill level 16 in Ranged Weapons
  8914 | Lair:1   | Entered Level 1 of the Lair of Beasts
  8930 | Lair:1   | Noticed a six-headed hydra
  8942 | Lair:1   | Killed a six-headed hydra
  8943 | Lair:1   | Reached XP level 11. HP: 19/67 MP: 13/13
  9200 | Lair:1   | Noticed a death yak
  9211 | Lair:1   | Killed a death yak
  9215 | Lair:1   | Noticed a death yak
  9229 | Lair:1   | Noticed a death yak
  9231 | Lair:1   | Noticed a death yak
  9231 | Lair:1   | Noticed a death yak
  9232 | Lair:1   | Killed a death yak
  9251 | Lair:1   | Killed a death yak
  9253 | Lair:1   | Killed a death yak
  9261 | Lair:1   | Killed a death yak
  9262 | Lair:1   | Reached skill level 17 in Ranged Weapons
  9509 | Lair:1   | Found the +3 Elemental Staff {rElec rF++ rC++ AC+5}
 10169 | Lair:1   | Reached skill level 18 in Ranged Weapons
 10410 | Lair:2   | Noticed an eight-headed hydra
 10415 | Lair:2   | Killed an eight-headed hydra
 10416 | Lair:2   | Reached XP level 12. HP: 75/75 MP: 14/14
 10417 | Lair:2   | Noticed a six-headed hydra
 10438 | Lair:2   | Killed a six-headed hydra
 10446 | Lair:2   | HP: 2/75 [blink frog (13)]
 10694 | Lair:2   | Found the +7 Kryia's mail coat {PotionHeal*2 rC+}
 10715 | Lair:2   | Noticed a death yak
 10715 | Lair:2   | Noticed a death yak
 10718 | Lair:2   | Noticed a death yak
 10720 | Lair:2   | Noticed a death yak
 10754 | Lair:1   | Killed a death yak
 11085 | Lair:2   | Reached skill level 19 in Ranged Weapons
 11277 | Lair:2   | Killed a death yak
 11286 | Lair:2   | Found a staircase to the Swamp.
 11315 | Lair:2   | Killed a death yak
 11342 | Lair:2   | Killed a death yak
 11521 | Lair:2   | Noticed a six-headed hydra
 11527 | Lair:2   | Killed a six-headed hydra
 12106 | Lair:3   | Noticed an eight-headed hydra
 12107 | Lair:3   | Noticed a six-headed hydra
 12146 | Lair:3   | Gained mutation: You cannot study or cast Earth magic. [Ru
                  | sacrifice]
 12146 | Lair:3   | Gained mutation: You cannot study or cast Hexes magic. [Ru
                  | sacrifice]
 12146 | Lair:3   | Gained mutation: You cannot study or cast Summoning magic.
                  | [Ru sacrifice]
 12146 | Lair:3   | Reached * piety under Ru
 12150 | Lair:3   | Reached skill level 20 in Ranged Weapons
 12372 | Lair:3   | Noticed a seven-headed hydra
 12379 | Lair:3   | Killed a seven-headed hydra
 12585 | Lair:3   | Found a hole to the Spider Nest.
 12601 | Lair:3   | Killed an eight-headed hydra
 12626 | Lair:3   | Noticed a four-headed hydra
 12631 | Lair:3   | Killed a four-headed hydra
 12632 | Lair:3   | Reached XP level 13. HP: 81/81 MP: 15/15
 13508 | Lair:4   | Noticed Snorg
 13518 | Lair:4   | Killed Snorg
 13529 | Lair:4   | Reached skill level 10 in Fighting
 13531 | Lair:4   | Reached skill level 21 in Ranged Weapons
 14472 | Lair:5   | Entered Level 5 of the Lair of Beasts
 15677 | Lair:5   | Reached skill level 22 in Ranged Weapons
 16204 | Lair:5   | Reached XP level 14. HP: 79/88 MP: 16/16
 16461 | Lair:5   | Reached skill level 15 in Dodging
 16673 | Lair:5   | Found a large runed translucent door.
 16673 | Lair:5   | Found a large runed translucent door.
 16874 | Lair:5   | Found a staircase to the Slime Pits.
 17959 | D:10     | Entered Level 10 of the Dungeon
 17993 | D:10     | Noticed Erica
 18003 | D:10     | Killed Erica
 18189 | D:10     | Found a sparkling altar of Nemelex Xobeh.
 18189 | D:10     | Found an opulent altar of Gozag.
 18761 | D:11     | Identified the amulet "Gipiluag" {RegenMP rElec Str-2 Int+3
                  | Slay+3}
 18763 | D:11     | Noticed Sonja
 18764 | D:11     | Noticed Sonja
 18764 | D:11     | Sonja changed into Sonja the jackal
 18768 | D:11     | Killed Sonja the jackal
 18909 | D:11     | Reached skill level 23 in Ranged Weapons
 19094 | D:11     | Found Veboez's Armour Boutique.
 19124 | D:11     | Found a broken altar of Ashenzari.
 19380 | D:12     | Identified the +8 rapier of the Hills {freeze, rElec rC-
                  | Str+3 Int+3}
 19938 | D:12     | Found a frozen archway.
 19950 | IceCv    | Entered an ice cave
 20923 | D:12     | Gained mutation: You cannot study or use magical devices.
                  | [Ru sacrifice]
 20923 | D:12     | Reached ** piety under Ru
 20923 | D:12     | Reached *** piety under Ru
 22317 | D:13     | Found a burning altar of Makhleb.
 22390 | D:13     | Noticed Urug
 22400 | D:13     | Killed Urug
 22721 | D:13     | Found a portal to a secret trove of treasure.
 22722 | D:13     | Noticed Maurice
 22735 | D:13     | Killed Maurice
 22938 | D:13     | Reached skill level 24 in Ranged Weapons
 24035 | D:14     | Reached XP level 15. HP: 94/94 MP: 17/17
 24070 | D:14     | Noticed Roxanne
 24431 | D:14     | Found Paysack's Antique Armour Shop.
 24437 | D:14     | Found Enall's Book Emporium.
 24439 | D:14     | Bought a pair of boots for 117 gold pieces
 24636 | D:14     | Found a shadowy altar of Dithmenos.
 24637 | D:14     | Noticed Frances
 24645 | D:14     | Killed Frances
 24867 | D:14     | You fall into a shaft and drop 1 floor!
 24867 | D:15     | Entered Level 15 of the Dungeon
 25345 | D:15     | Found a staircase to the Depths.
 25584 | D:14     | Found a gate to the Vaults.
 26368 | D:14     | Identified a scroll of acquirement
 26369 | D:14     | Acquired a +4 ring of evasion
 26696 | D:15     | Found a corrupted altar of Lugonu.
 26803 | D:15     | Reached skill level 25 in Ranged Weapons
 27428 | Orc:1    | Entered Level 1 of the Orcish Mines
 27428 | Orc:1    | Noticed an orc warlord
 29548 | D:9      | Killed an orc warlord
 30227 | Orc:2    | Entered Level 2 of the Orcish Mines
 30346 | Orc:2    | Found Ofiutuci's General Store.
 30369 | Orc:2    | Bought a scroll of identify for 28 gold pieces
 30657 | Orc:2    | Found Uwoxzup's Antique Armour Emporium.
 30681 | Orc:2    | Found an ancient bone altar of Kikubaaqudgha.
 30683 | Orc:2    | Noticed Nergalle
 30696 | Orc:2    | Killed Nergalle
 30725 | Orc:2    | Found Gatump's Book Emporium.
 30863 | Orc:2    | Bought a manual of Ranged Weapons for 1040 gold pieces
 30865 | Orc:2    | Found a radiant altar of Vehumet.
 30938 | Orc:2    | Found Tacigg's Magic Scroll Shoppe.
 30945 | Orc:2    | Bought a scroll of enchant weapon for 135 gold pieces
 30980 | Orc:2    | Found Utuor's Book Shoppe.
 31323 | Swamp:1  | Entered Level 1 of the Swamp
 31995 | Swamp:1  | Noticed Aizul
 32001 | Swamp:1  | Gained mutation: You are somewhat unskilled. (-1 Apt) [Ru
                  | sacrifice]
 32001 | Swamp:1  | Reduced skill Ranged Weapons to level 23
 32001 | Swamp:1  | Reduced skill Dodging to level 15
 32001 | Swamp:1  | Reached **** piety under Ru
 32001 | Swamp:1  | Reached ***** piety under Ru
 32018 | Swamp:1  | Killed Aizul
 32271 | Swamp:1  | Reached skill level 24 in Ranged Weapons
 33203 | Swamp:1  | Slain by a seven-headed hydra

Illustrated notes

Levels and vault maps discovered:
D:1:      heliophobic_arrival_henge, layout_loops_ring,
          ebering_ecumenical_altar_petrified
D:2:      layout_loops_ring, serial_shops, shop
D:3:      layout_rooms, uniq_jessica, uniq_crazy_yiuf_cottage, uniq_robin
D:4:      layout_basic, portal_sewer_entry_e, sigmund_edmund_badplayer,
          uniq_edmund
D:5:      layout_cave_pods, yredelemnul_altar_generic,
          mainiacjoe_overflow_large_starburst
D:6:      layout_rooms, chequers_temple_overflow_statue_of_worship,
          uniq_eustachio
D:7:      layout_gridville, minmay_temple_entry_junction_2, enter_bailey_5,
          solitary_fountain, nicolae_figureground_sparkle, uniq_pikel
D:8:      layout_loops_ring, serial_shops, nicolae_shop_behind_doors,
          uniq_maggie
D:9:      layout_small_grid, mainiacjoe_overflow_cross_hatched,
          kennysheep_mini_moat, david_lair_shrubbed, hiddenorc2_lemuel
D:10:     layout_roguey, grunt_temple_overflow_opulence, grunt_ministairs_1,
          uniq_erica
D:11:     layout_long_grid, serial_shops, shop, minmay_misc_feat_tower,
          ashenzari_altar_1, uniq_sonja
D:12:     layout_roguey, portal_ice_cave_entry_pillars_1, chequers_avenue,
          st_stairs_9
D:13:     cheibrodos_magma_flow, layout_irregular_city, enter_trove_2,
          demons_altar, uniq_maurice, uniq_urug
D:14:     layout_loops_cross, lightli_vaults_fourway_checkpoint, serial_shops,
          nicolae_shop_advertising_works [nicolae_subvault_shop_adworks], shop,
          special_room [special_room_bee], grunt_dithmenos_smoke_and_mirrors,
          uniq_roxanne, uniq_frances
D:15:     gammafunk_depths_entry_grave, layout_basic, nicolae_hexahallways,
          tgw_lugonu_bribe
Temple:   nicolae_temple_god_jail
Lair:1:   layout_roguey, serial_bayou_shore_b, infiniplex_staircase_pool_2
Lair:2:   dreamdust_cave_troll, layout_chaotic_city,
          nicolae_swamp_entry_splash_gauntlet, st_stairs_7
Lair:3:   layout_gridlike, spider_nest_entry_web_field, serial_forest,
          infiniplex_forest_lined_ring, infiniplex_forest_clump_tiny,
          infiniplex_forest_lined_corner, infiniplex_forest_zigzag_1,
          infiniplex_forest_clump_small, infiniplex_forest_clump_tiny
Lair:4:   layout_cave_pods, uniq_snorg
Lair:5:   cheibrodos_lair_end_hotspot, layout_misc_corridors, slime_entry_1,
          roderic_batcave, nicolae_lair_lil_pond, nzn_sisyphean_effort
Swamp:1:  layout_falls_marsh, serial_swamp_ruin, hangedman_swamp_ruin_hall,
          evilmike_swamp_ruin_house_2, swamp_pool1, uniq_aizul
Swamp:2:  layout_basic_swamp, gammafunk_ghost_wrathful_warriors,
          evilmike_swamp_ruin_rubble_1, swamp_pool1, nzn_swamp_weyward_sisters,
          infiniplex_staircase_pool, uniq_louise
Orc:1:    layout_caves
Orc:2:    kennysheep_orc_mage_school, layout_caves, serial_shops, shop_statue,
          nicolae_orc_pool_cavern, nicolae_shop_self_help

Skill      XL: |  1  2  3  4  5  6  7  8  9 10 11 12 13 14 15 |
---------------+----------------------------------------------+-----
Fighting       | 2 3 4 5 6 7 8 9 10 11 11 | 11.6
Ranged Weapons | 6 7 8 10 12 14 16 18 20 22 24 24 | 24.2
Dodging        | 3 4 6 7 9 10 12 13 14 16 16 | 16.0
Stealth        | |  1.1

Action                   |  1- 3 |  4- 6 |  7- 9 | 10-12 | 13-15 || total
-------------------------+-------+-------+-------+-------+-------++-------
Melee: Shortbow          |       |       |     1 |       |       ||     1
 Fire: Shortbow          |    67 |   178 |   385 |   188 |       ||   818
       Arbalest          |       |       |       |   376 |  1420 ||  1796
Throw: Throwing net      |       |       |       |     1 |       ||     1
Invok: Reject Sacrifices |       |       |     1 |       |     1 ||     2
       Sacrifice Arcana  |       |       |       |     1 |       ||     1
       Draw Out Power    |       |       |       |       |     3 ||     3
       Sacrifice Artific |       |       |       |       |     1 ||     1
       Apocalypse        |       |       |       |       |     1 ||     1
       Sacrifice Skill   |       |       |       |       |     1 ||     1
Evoke: Wand              |       |     4 |     7 |     9 |     6 ||    26
  Use: Scroll            |       |    11 |    13 |     7 |    15 ||    46
       Potion            |       |     1 |     5 |    10 |    10 ||    26
Armor: Leather armour    |     4 |    14 |    47 |    55 |   126 ||   246
       Troll leather arm |       |       |    11 |       |       ||    11
Dodge: Dodged            |     7 |    38 |   134 |   248 |   842 ||  1269
Block: Other             |       |     7 |    45 |    59 |    60 ||   171
       Reflection        |       |       |     1 |     2 |     1 ||     4
